 Dungeon Crawl Stone Soup version 0.26-a0-18-g135ff06667 (webtiles) character file.

Game seed: 4320166220017910485, levelgen mode: deterministic

216 Mrkan the Skirmisher (level 5, -3/34 HPs)
             Began as a Gargoyle Fighter on May 25, 2020.
             Was a Follower of Wu Jian.
             Slain by an ogre
             ... wielding a +0 giant spiked club
              (10 damage)
             ... on level 4 of the Dungeon.
             The game lasted 00:06:27 (3137 turns).

Mrkan the Skirmisher (Gargoyle Fighter)             Turns: 3137, Time: 00:06:28

Health: -3/34      AC: 12    Str: 20    XL:     5   Next: 93%
Magic:  5/5        EV:  7    Int:  9    God:    Wu Jian [*.....]
Gold:   101        SH:  9    Dex:  9    Spells: 4/4 levels left

rFire    . . .     SeeInvis .   t - +0 whip (flame)
rCold    . . .     Gourm    .   c - +0 kite shield
rNeg     + . .     Faith    .   b - +0 scale mail
rPois    ∞         Spirit   .   (no helmet)
rElec    +         Reflect  .   (no cloak)
rCorr    .         Harm     .   e - +0 pair of gloves
MR       .....                  (no boots)
Stlth    ..........             (no amulet)
HPRegen  0.11/turn              (no ring)
MPRegen  0.09/turn              (no ring)

@: no status effects
A: negative energy resistance 1, electricity resistance, unbreathing,
petrification resistance, rot immunity, AC +4
a: Renounce Religion


You were on level 4 of the Dungeon.
You worshipped Wu Jian.
Wu Jian was aware of your devotion.
You were not hungry.

You visited 1 branch of the dungeon, and saw 4 of its levels.

You collected 101 gold pieces.

Inventory:

Hand Weapons
 a - a +0 flail
 l - a +0 morningstar
 t - a +0 whip of flaming (weapon)
Armour
 b - a +0 scale mail (worn)
 c - a +0 kite shield (worn)
 e - a +0 pair of gloves (worn)
Jewellery
 v - a cursed -4 ring of protection {unknown}
Wands
 w - a wand of iceblast (3)
Scrolls
 h - 2 scrolls of teleportation {unknown}
 i - a scroll of immolation {unknown}
 j - 4 scrolls of identify {unknown}
 m - 4 scrolls of remove curse {unknown}
 p - a scroll of fear {unknown}
 q - a scroll of random uselessness {unknown}
Potions
 d - a potion of might
 g - a potion of heal wounds {unknown}
 k - a potion of resistance {unknown}
 n - a potion of berserk rage {unknown}
 o - 2 potions of degeneration {unknown}
 r - 2 potions of curing {unknown}
 s - a potion of mutation {unknown}
 u - 2 potions of brilliance {unknown}
Comestibles
 f - 5 rations


   Skills:
 + Level 4.3 Fighting
 * Level 4.0 Maces & Flails
 + Level 4.2 Armour
 + Level 4.2 Shields


You had 4 spell levels left.
You didn't know any spells.
Your spell library was empty.

Dungeon Overview and Level Annotations

Branches:
Dungeon (4/15)
 Temple: D:4-7

Altars:
Wu Jian
Xom

Annotations:
D:4 Sigmund


Innate Abilities, Weirdness & Mutations

You are resistant to torment.
Your stone body is resilient. (AC +4)
You are immune to poison.
You resist negative energy. (rN+)
You are resistant to electric shocks. (rElec)
You can survive without breathing.
You are immune to petrification.
You are immune to rotting.


Message History

You hit Sigmund. You burn Sigmund.
Sigmund is lightly wounded.
Sigmund barely misses you.
You closely miss Sigmund.
Sigmund is lightly wounded.
Sigmund hits you with a +0 scythe!
You hit Sigmund. You burn Sigmund.
Sigmund is lightly wounded.
The ogre hits you with a +0 giant spiked club!
* * * LOW HITPOINT WARNING * * *
Your shield and scale mail prevent you from hitting Sigmund.
Sigmund is lightly wounded.
You block Sigmund's attack. The ogre barely misses you.
You hit Sigmund. You burn Sigmund.
Sigmund is moderately wounded.
Sigmund hits you from afar with a +0 scythe.
* * * LOW HITPOINT WARNING * * *
Okay, then.
The ogre hits you with a +0 giant spiked club!
You die...

..) #.# #.###
####.##.# #.# #....
......#.# #.# #.### #
##...#?# ##.###.#
#.#......## ##...##.#
..........###.#.#.#.#
.#.....##..........#
#..##....#.###.#.#.#.#
#......@O@##
##...##.###
...####.### ##.###.#..
#.. #........ ####
#.#########
#.........÷
###########


You could see Sigmund and an ogre.

Vanquished Creatures
  An ogre (D:3)
  A hound (D:4)
  An adder (D:2)
  2 worms
  9 dart slugs (D:3)
  4 orcs
  7 bats
  A giant cockroach (D:3)
  8 goblins
  7 hobgoblins
  A quokka (D:2)
  2 ball pythons
  10 frilled lizards
  10 kobolds
  2 rats (D:2)
66 creatures vanquished.

Notes
Turn   | Place    | Note
-------+----------+-------------------------------------------
     0 | D:1      | Mrkan the Gargoyle Fighter began the quest for the Orb.
     0 | D:1      | Reached XP level 1. HP: 14/14 MP: 1/1
   147 | D:1      | Reached XP level 2. HP: 19/19 MP: 2/2
   758 | D:2      | Reached XP level 3. HP: 18/23 MP: 3/3
  1084 | D:2      | Found a shimmering altar of Xom.
  1084 | D:2      | Found a shimmering altar of Xom.
  1085 | D:2      | Found a shimmering altar of Xom.
  1086 | D:2      | Found a shimmering altar of Xom.
  1327 | D:2      | Found an ornate altar of the Wu Jian Council.
  1364 | D:2      | Became a worshipper of the Wu Jian Council
  1694 | D:3      | Reached XP level 4. HP: 25/29 MP: 4/4
  2172 | D:3      | Reached * piety under Wu Jian
  2356 | D:3      | Noticed an ogre
  2385 | D:3      | Killed an ogre
  2385 | D:3      | Reached XP level 5. HP: 14/33 MP: 5/5
  2991 | D:4      | Noticed an ogre
  3115 | D:4      | Noticed Sigmund
  3123 | D:4      | Noticed an ogre
  3137 | D:4      | Slain by an ogre

Illustrated notes

Levels and vault maps discovered:
D:1:      dpeg_arrival_solitude, layout_rooms, chequers_serial_rivers_small_b
D:2:      layout_basic, xom_redecorated, old_standard_altar, feat_on_display
D:3:      kennysheep_slugbush, layout_loops_ring
D:4:      layout_loops_ring, grunt_dithmenos_shadows, first_ration,
          minmay_misc_feat_columns, lemuel_altar_in_water, uniq_sigmund

Skill      XL: |  1  2  3  4  5 |
---------------+----------------+-----
Maces & Flails | 3 4 |  4.0
Fighting       | 4 |  4.3
Armour         | 4 |  4.2
Shields        | 4 |  4.2

Action                   |  1- 3 |  4- 6 || total
-------------------------+-------+-------++-------
Melee: Flail             |   168 |    70 ||   238
       Whip              |       |    30 ||    30
Invok: Lunge             |     1 |     6 ||     7
  Eat: Chunk             |     3 |     5 ||     8
Armor: Scale mail        |   113 |    40 ||   153
Dodge: Dodged            |    53 |    28 ||    81
Block: Kite shield       |   120 |    48 ||   168

Table legend:
 A = Non-vault XP
 B = Vault XP
 C = Vault XP percentage of total XP
 D = Non-vault monster count
 E = Vault monster count
 F = Vault count percentage of total count
                 A         B        C        D         E       F
            +---------+---------+-------+---------+---------+-------
      Total |     273 |      36 |  11.7 |      57 |       9 |  13.6
            +---------+---------+-------+---------+---------+-------
        D:1 |      28 |       0 |   0.0 |      17 |       0 |   0.0
        D:2 |      46 |       0 |   0.0 |      22 |       0 |   0.0
        D:3 |     153 |      36 |  19.0 |      16 |       9 |  36.0
        D:4 |      46 |       0 |   0.0 |       2 |       0 |   0.0
            +---------+---------+-------+---------+---------+-------
